 Dungeon Crawl Stone Soup version 0.31.0-12-g77e489cdc1 (webtiles) character file.

Game seed: 2107796750150759021

630 Silvore the Slasher (level 7, -4/52 HPs)
             Began as a Demonspawn Fighter on Feb 14, 2024.
             Slain by a gnoll sergeant
             ... wielding a +0 trident
              (10 damage)
             ... on level 5 of the Dungeon.
             The game lasted 00:04:48 (3317 turns).

Silvore the Slasher (Demonspawn Fighter)            Turns: 3317, Time: 00:04:49

Health: -4/52      AC: 11    Str: 18    XL:     7   Next: 24%
Magic:  7/7        EV:  9    Int:  8    God:
Gold:   216        SH: 10    Dex: 13    Spells: 6/6 levels left

rFire   . . .        a - +0 long sword
rCold   . . .        c - +0 buckler
rNeg    . . .        b - +0 scale mail
rPois   .            o - +0 helmet
rElec   .            (no cloak)
rCorr   .            (no gloves)
SInv    .            l - +0 pair of boots
Will    .....        h - amulet of reflection Stlth
                     (no ring)
HPRegen 0.28/turn    (no ring)
MPRegen 0.10/turn

%: reflection
@: no status effects
A: slimy green scales 1, spiny 2, weakness stinger 1
a: no special abilities


You were on level 5 of the Dungeon.
You visited 1 branch of the dungeon, and saw 5 of its levels.

You collected 216 gold pieces.

Inventory:

Hand Weapons
 a - a +0 long sword (weapon)
Armour
 b - a +0 scale mail (worn)
 c - a +0 buckler (worn)
 l - a +0 pair of boots (worn)
 o - a +0 helmet (worn)
Jewellery
 h - an amulet of reflection (around neck)
Scrolls
 k - a scroll of teleportation
 m - 3 scrolls of torment {unknown}
Potions
 d - a potion of lignification {unknown}
 e - a potion of enlightenment {unknown}
 f - 2 potions of curing {unknown}
 g - 3 potions of brilliance {unknown}
 i - a potion of berserk rage {unknown}
 j - a potion of attraction {unknown}


   Skills:
 + Level 3.6 Fighting
 + Level 5.1 Long Blades
 + Level 4.2 Armour
 + Level 1.1 Dodging
 + Level 0.3 Stealth
 + Level 4.2 Shields


You had 6 spell levels left.
You didn't know any spells.
Your spell library contained the following spells:

 Spells                   Type           Power      Damage    Failure   Level
 Apportation              Tloc           0%         N/A       86%         1
 Blink                    Tloc           0%         N/A       94%         2
 Ensorcelled Hibernation  Hex/Ice        0%         N/A       94%         2
 Jinxbite                 Hex            0%         N/A       94%         2
 Lesser Beckoning         Tloc           0%         N/A       94%         2
 Momentum Strike          Conj/Tloc      0%         3d8       94%         2
 Fugue of the Fallen      Necr           0%         N/A       99%         3
 Anguish                  Hex/Necr       0%         N/A       100%        4
 Alistair's Intoxication  Alch           0%         N/A       100%        5


Dungeon Overview and Level Annotations

Branches:
Dungeon (5/15)
 Temple: D:4-7

Altars:
Gozag
Trog

Shops:
D:3 (


Innate Abilities, Weirdness & Mutations

You are partially covered in slimy green scales. (AC +2)
You are mostly covered in sharp spines.
You have a small tail.


Message History

a +0 club; a gnoll corpse You hit the gnoll sergeant.
The gnoll sergeant is lightly wounded.
You block the gnoll's attack. You block the gnoll sergeant's attack.
You closely miss the gnoll sergeant.
The gnoll sergeant is lightly wounded.
You block the gnoll's attack.
The gnoll sergeant hits you but does no damage.
You barely miss the gnoll sergeant. You tail-slap the gnoll sergeant.
The gnoll sergeant is moderately wounded.
The gnoll hits you from afar with a +0 spear of flaming.
The gnoll burns you.
The gnoll sergeant hits you but does no damage.
You block the gnoll's attack.
You hit the gnoll sergeant but do no damage.
The gnoll sergeant is moderately wounded.
You block the gnoll sergeant's attack. You block the gnoll's attack.
The gnoll sergeant hits you but does no damage.
You slash the gnoll sergeant!
The gnoll sergeant is severely wounded.
The gnoll barely misses you.
The gnoll sergeant hits you but does no damage.
You closely miss the gnoll sergeant.
The gnoll sergeant is severely wounded.
The gnoll hits you from afar with a +0 spear of flaming.
The gnoll burns you. The gnoll sergeant barely misses you.
You barely miss the gnoll sergeant.
The gnoll sergeant is severely wounded.
The gnoll hits you from afar with a +0 spear of flaming.
The gnoll burns you.
The gnoll sergeant hits you with a +0 trident!
* * * LOW HITPOINT WARNING * * *
You hit the gnoll sergeant.
The gnoll sergeant is severely wounded.
The gnoll hits you from afar with a +0 spear of flaming.
* * * LOW HITPOINT WARNING * * *
The gnoll burns you.
* * * LOW HITPOINT WARNING * * *
The gnoll sergeant hits you with a +0 trident!
You die...

#.# #.# #.# ###
#.# #.. #.# #.#
#.### #.# #...#
#.# ###.# #.# #.#
#@# #.# ## #g#
#.# #.##g# .# #.#
### #.#g####...##
#.#
#..###.g.........
#.#
#.#.#.#........##
#†#
#.##.########.##
#.#### #....# #
#..†.###..###


You could see a gnoll sergeant and 3 gnolls.

Vanquished Creatures
  A black bear (D:4)
  2 ogres (D:4)
  2 scorpions (D:5)
  2 bombardier beetles (D:4)
  2 iguanas
  A gnoll (D:5)
  4 adders
  2 ribbon worms
  2 dart slugs
  2 orcs
  7 ball pythons
  5 bats
  2 endoplasms
  A giant cockroach (D:3)
  6 goblins
  3 hobgoblins
  A quokka (D:4)
  2 frilled lizards
  7 kobolds
  4 rats
58 creatures vanquished.

Vanquished Creatures (others)
  A bombardier beetle (D:4)
1 creature vanquished.

Grand Total: 59 creatures vanquished

Notes
Turn   | Place    | Note
-------+----------+-------------------------------------------
     0 | D:1      | Silvore the Demonspawn Fighter began the quest for the Orb.
     0 | D:1      | Reached XP level 1. HP: 18/18 MP: 1/1
     2 | D:1      | Noticed a troll
     2 | D:1      | Noticed an elf
     4 | D:1      | Noticed a vampire
     4 | D:1      | Noticed a vine stalker
     6 | D:1      | Noticed an oni
     8 | D:1      | Noticed a djinni
     8 | D:1      | Noticed a draconian
    10 | D:1      | Noticed a felid
    10 | D:1      | Noticed a demigod
    12 | D:1      | Noticed a spriggan
    14 | D:1      | Noticed a ghoul
    14 | D:1      | Noticed a merfolk
    16 | D:1      | Noticed a human
    16 | D:1      | Noticed a tengu
    18 | D:1      | Noticed a minotaur
    20 | D:1      | Noticed a naga
    20 | D:1      | Noticed an octopode
    22 | D:1      | Noticed an armataur
    22 | D:1      | Noticed a gargoyle
    24 | D:1      | Noticed a demonspawn
    24 | D:1      | Noticed a barachi
    26 | D:1      | Noticed a formicid
   231 | D:1      | Reached skill level 2 in Long Blades
   341 | D:1      | Gained mutation: You are partially covered in sharp spines.
                  | [demonic ancestry]
   341 | D:1      | Reached XP level 2. HP: 22/24 MP: 2/2
  1077 | D:2      | Found a faded altar of an unknown god.
  1111 | D:2      | Gained mutation: You are partially covered in slimy green
                  | scales. (AC +2) [demonic ancestry]
  1111 | D:2      | Reached XP level 3. HP: 29/29 MP: 3/3
  1199 | D:2      | You fall into a shaft and drop 1 floor!
  1199 | D:3      | Found an opulent altar of Gozag.
  1205 | D:3      | Found a bloodstained altar of Trog.
  1792 | D:3      | Found Nefek's Antique Weapon Shoppe.
  2425 | D:4      | Noticed an ogre
  2439 | D:4      | HP: 1/29 [ogre/+0 giant club (8)]
  2440 | D:4      | Killed an ogre
  2441 | D:4      | Reached skill level 3 in Long Blades
  2441 | D:4      | Reached XP level 4. HP: 1/35 MP: 4/4
  2441 | D:4      | Gained mutation: You have a small tail. [demonic ancestry]
  2441 | D:4      | Reached XP level 5. HP: 1/41 MP: 5/5
  2610 | D:4      | Noticed an ogre
  2619 | D:4      | Killed an ogre
  2660 | D:4      | Gained mutation: You are mostly covered in sharp spines.
                  | [demonic ancestry]
  2660 | D:4      | Reached XP level 6. HP: 37/47 MP: 6/6
  2672 | D:4      | Reached skill level 4 in Long Blades
  2672 | D:4      | Reached skill level 1 in Dodging
  3163 | D:5      | Entered Level 5 of the Dungeon
  3183 | D:5      | Reached XP level 7. HP: 52/52 MP: 7/7
  3270 | D:5      | Reached skill level 5 in Long Blades
  3317 | D:5      | Slain by a gnoll sergeant

Illustrated notes

Levels and vault maps discovered:
D:1:      kb_arrival_jail, layout_basic
D:2:      layout_basic, shapermc_ecumenical_altar_venn,
          dreamdust_mushroom_princess
D:3:      layout_basic, amethyst_overflow_temple_binary, serial_shops,
          nicolae_shop_advertising_works [nicolae_subvault_shop_adworks],
          nicolae_elevator_lobby_asterisk
D:4:      layout_cave_pools
D:5:      layout_loops_ring, makhleb_altar_promises_db

Skill      XL: |  1  2  3  4  5  6  7 |
---------------+----------------------+-----
Long Blades    | 2 3 4 5 |  5.1
Armour         | 3 4 |  4.2
Shields        | 3 4 |  4.2
Dodging        | 1 |  1.1
Fighting       | |  3.6
Stealth        | |  0.3

Action                     |  1- 3 |  4- 6 |  7- 9 || total
---------------------------+-------+-------+-------++-------
  Melee: Long sword        |    95 |    55 |    26 ||   176
         Tailslap          |       |     8 |     4 ||    12
    Use: Scroll            |     5 |     1 |       ||     6
         Potion            |     1 |       |       ||     1
 Armour: Scale mail        |    40 |    26 |    19 ||    85
  Dodge: Dodged            |    27 |    18 |    11 ||    56
  Block: Buckler           |    43 |    27 |    29 ||    99
         Reflection        |       |     1 |       ||     1
